 Dungeon Crawl Stone Soup version 0.29.1-1-gd02db6906a (webtiles) character file.

Game seed: 10193634695995415150

2254 lanetrain the Basher (level 9, -42/79 HPs)
             Began as a Minotaur Berserker on Sept 30, 2022.
             Was an Elder of Trog.
             Annihilated by a boulder beetle (51 damage)
             ... on level 7 of the Dungeon.
             The game lasted 00:14:36 (6847 turns).

lanetrain the Basher (Minotaur Berserker)           Turns: 6847, Time: 00:14:37

Health: -42/79     AC: 10    Str: 24    XL:     9   Next: 15%
Magic:  8/8        EV: 10    Int:  4    God:    Trog [****..]
Gold:   381        SH:  8    Dex: 12    Spells: 8/8 levels left

rFire   . . .      SeeInvis .   j - +3 flail (holy)
rCold   + . .      Faith    +   o - +0 kite shield
rNeg    . . .      Spirit   .   k - +1 scale mail
rPois   +          Reflect  .   (helmet restricted)
rElec   .          Harm     .   (no cloak)
rCorr   .          Rampage  .   r - +0 pair of gloves
Will    .....                   (no boots)
Stlth   ..........              f - amulet of faith
HPRegen 0.23/turn               g - ring of poison resistance
MPRegen 0.11/turn               x - ring of protection from cold

@: hasted, very quick
A: horns 2, retaliatory headbutt
a: Renounce Religion, Berserk, Trog's Hand, Brothers in Arms


You were on level 7 of the Dungeon.
You worshipped Trog.
Trog was greatly pleased with you.
You visited 1 branch of the dungeon, and saw 7 of its levels.

You collected 417 gold pieces.
You spent 36 gold pieces at shops.

Inventory:

Hand Weapons
 a - a +0 mace
 i - a +0 vorpal flail
 j - a +3 flail of holy wrath (weapon)
 m - a +1 whip of draining
 u - a +2 dire flail of freezing
Missiles
 c - 71 stones (quivered)
Armour
 b - a +0 animal skin
 d - a +0 leather armour
 k - a +1 scale mail (worn)
 o - a +0 kite shield (worn)
 r - a +0 pair of gloves (worn)
Jewellery
 f - an amulet of faith (around neck)
 g - a ring of poison resistance (left hand)
 w - a +6 ring of intelligence
 x - a ring of protection from cold (right hand)
Wands
 t - a wand of iceblast (10)
 v - a wand of polymorph (14)
 A - a wand of flame (15)
Scrolls
 h - 4 scrolls of identify
 l - 2 scrolls of teleportation
 y - a scroll of blinking
Potions
 e - 8 potions of curing
 n - a potion of degeneration {unknown}
 q - 2 potions of attraction
 s - a potion of lignification
 z - a potion of cancellation {unknown}


   Skills:
 + Level 7.5 Fighting
 + Level 9.4 Maces & Flails
 + Level 0.3 Throwing
 + Level 7.8 Armour
 + Level 4.8 Dodging
 + Level 1.2 Stealth
 + Level 2.9 Shields


You had 8 spell levels left.
You didn't know any spells.
Your spell library was empty.

Dungeon Overview and Level Annotations

Branches:
Dungeon (7/15)             Temple (0/1) D:5

Altars:
Makhleb

Shops:
D:1 *   D:2 (*(*   D:3 *

Annotations:
D:7 1 transporter


Innate Abilities, Weirdness & Mutations

You have a pair of horns on your head.
You reflexively headbutt those who attack you in melee.


Message History

The boulder beetle bites you!!
You sock the boulder beetle!
The boulder beetle is moderately wounded.
You block the boulder beetle's attack. The boulder beetle bites you.
You bludgeon the boulder beetle!!
Your headbutt misses the boulder beetle.
The boulder beetle is heavily wounded.
You block the boulder beetle's attack.
You barely miss the boulder beetle.
You headbutt the boulder beetle, but do no damage.
The boulder beetle is heavily wounded.
You block the boulder beetle's attack.
A sky beast comes into view.
You hit the boulder beetle but do no damage.
You headbutt the boulder beetle, but do no damage.
The boulder beetle is heavily wounded.
The boulder beetle bites you!!
* * * LOW HITPOINT WARNING * * *
You hit the boulder beetle but do no damage.
You headbutt the boulder beetle.
The boulder beetle is heavily wounded.
Your skin stops crawling.
You feel less strong-willed. The boulder beetle barely misses you.
You hit the boulder beetle but do no damage.
The boulder beetle is heavily wounded.
The boulder beetle closely misses you. You furiously retaliate!
You headbutt the boulder beetle, but do no damage.
You sock the boulder beetle!
The boulder beetle is heavily wounded.
The boulder beetle leaps!
The boulder beetle curls into a ball and begins rolling!
The sky beast flickers out of sight!
Deactivating autopickup; reactivate with Ctrl-A.
You feel yourself speed up.
A sky beast appears from thin air!
Reactivating autopickup.
The boulder beetle attacks as you move away!
The boulder beetle hits you!!!
Ouch! That really hurt!
You die...

.....#8P.©.P8#..........##.......
.....#########...#.......###.....
.........©.......#......# #..?..
.................#.....######....
○................................
.○......####..........##.......##
..°.....####...#.....###.........
........~..#..##......###........
..##.......Y°°°B@.#..## ##.......
# #........†....##.## #.......
#...#...........## ##......#
######..........# #.....###
##.........# #..#.## #.......###
####.# ###.......# ### ........#
##.......#


You could see a boulder beetle (rolling) and a sky beast.

Vanquished Creatures
  The ghost of miserystealer the Shooter, a novice DrHu of Elyvilon (D:5)
  5 yaks (D:5)
  A steam dragon (D:7)
  Menkaure (D:5)
  An ogre (D:5)
  Blork the orc (D:5)
  A kobold brigand (D:6)
  4 wights (D:6)
  A water moccasin skeleton (D:5)
  A bullfrog zombie (D:5)
  2 hounds
  2 jellies
  3 iguanas
  3 orc wizards (D:5)
  Robin (D:3)
  5 adders
  2 white imps
  2 ufetubi
  A worm (D:5)
  4 dart slugs
  8 orcs
  5 bats
  11 endoplasms
  7 giant cockroaches
  19 goblins
  12 hobgoblins
  7 jackals (D:3)
  3 quokkas
  A ball python (D:1)
  5 frilled lizards
  10 kobolds
  4 rats
134 creatures vanquished.

Notes
Turn   | Place    | Note
-------+----------+-------------------------------------------
     0 | D:1      | lanetrain the Minotaur Berserker began the quest for the
                  | Orb.
     0 | D:1      | Reached XP level 1. HP: 19/19 MP: 0/0
    96 | D:1      | Found Jacasase's Assorted Antiques.
   212 | D:1      | Reached skill level 4 in Maces & Flails
   212 | D:1      | Reached XP level 2. HP: 18/27 MP: 1/1
   416 | D:1      | Found a faded altar of an unknown god.
   670 | D:1      | Reached ** piety under Trog
   885 | D:1      | Reached XP level 3. HP: 25/33 MP: 2/2
  1068 | D:2      | Found Daid's General Store.
  1108 | D:2      | Bought a scroll of teleportation for 36 gold pieces
  1152 | D:2      | Found Goticw's Weapon Emporium.
  1321 | D:2      | Found Qaneuh's Antique Weapon Shoppe.
  1344 | D:2      | Found Qexott's Assorted Antiques.
  1633 | D:2      | Identified a scroll of acquirement
  1633 | D:2      | Acquired a ring of poison resistance
  1854 | D:3      | Reached XP level 4. HP: 40/40 MP: 3/3
  1931 | D:3      | Found Hufonk's General Store.
  2141 | D:3      | Reached skill level 5 in Maces & Flails
  2232 | D:3      | Reached *** piety under Trog
  2732 | D:3      | Noticed Robin
  2738 | D:3      | Reached XP level 5. HP: 47/47 MP: 4/4
  2744 | D:3      | Killed Robin
  3767 | D:4      | Reached skill level 5 in Fighting
  3987 | D:5      | Entered Level 5 of the Dungeon
  4004 | D:5      | Found a staircase to the Ecumenical Temple.
  4066 | D:5      | Noticed Menkaure
  4072 | D:5      | Killed Menkaure
  4073 | D:5      | Reached skill level 6 in Maces & Flails
  4073 | D:5      | Reached XP level 6. HP: 38/56 MP: 5/5
  4256 | D:5      | Noticed a yak
  4273 | D:5      | Killed a yak
  4274 | D:5      | Reached XP level 7. HP: 47/62 MP: 6/6
  4289 | D:5      | Noticed Blork the orc
  4298 | D:5      | Killed Blork the orc
  4585 | D:5      | Reached skill level 7 in Maces & Flails
  4731 | D:5      | Noticed a yak
  4732 | D:5      | Noticed a yak
  4732 | D:5      | Noticed a yak
  4733 | D:5      | Noticed a yak
  4738 | D:5      | Killed a yak
  4739 | D:5      | Reached skill level 5 in Armour
  4740 | D:5      | Killed a yak
  4741 | D:5      | Reached skill level 1 in Stealth
  4745 | D:5      | Killed a yak
  4745 | D:5      | Reached **** piety under Trog
  4746 | D:5      | Reached skill level 8 in Maces & Flails
  4746 | D:5      | Reached XP level 8. HP: 28/71 MP: 7/7
  4751 | D:5      | Reached skill level 1 in Shields
  5227 | D:5      | Found a runed translucent gate.
  5227 | D:5      | Found a runed translucent gate.
  5228 | D:5      | Found a runed translucent gate.
  5230 | D:5      | Noticed miserystealer's ghost (novice DrHu)
  5246 | D:5      | Killed miserystealer's ghost
  5424 | D:5      | Reached skill level 9 in Maces & Flails
  6032 | D:6      | Reached XP level 9. HP: 56/79 MP: 8/8
  6527 | D:6      | Found a burning altar of Makhleb.
  6795 | D:7      | Found a transporter.
  6813 | D:7      | Noticed a boulder beetle
  6847 | D:7      | Annihilated by a boulder beetle

Illustrated notes

Levels and vault maps discovered:
D:1:      amcnicky_arrival_choice, layout_basic, serial_shops, shop,
          basic_ecumenical_altar, amcnicky_mini_rare_corridor_liquid,
          minmay_pentomino_u2
D:2:      layout_rooms, serial_shops, nicolae_shop_bloodbath_and_beyond,
          shop_fountains, nicolae_shop_advertising_works
          [nicolae_subvault_shop_adworks], shop
D:3:      kennysheep_goblin_castle, layout_basic, serial_shops, shop
D:4:      layout_basic
D:5:      layout_basic, minmay_temple_entry_offerings, serial_rivers,
          chequers_serial_rivers_small_3, chequers_serial_rivers_small_b,
          chequers_serial_rivers_room_b, chequers_serial_rivers_large_b,
          chequers_serial_rivers_large_a, chequers_serial_rivers_small_b,
          gammafunk_ghost_necromancy, kennysheep_generic_room_13,
          uniq_blork_the_orc, uniq_menkaure
D:6:      layout_rooms, mainiacjoe_overflow_alcove_4, serial_rivers,
          chequers_serial_rivers_room_b, chequers_serial_rivers_small_3,
          chequers_serial_rivers_room_b, chequers_serial_rivers_room_b,
          chequers_serial_rivers_small_b, nicolae_figureground_sparkle
D:7:      gammafunk_wand_slinger, layout_cave_pools,
          mainiacjoe_overflow_large_starburst, gammafunk_temple_overflow_wave

Skill      XL: |  1  2  3  4  5  6  7  8 |
---------------+-------------------------+-----
Maces & Flails | 4 5 6 8 9 |  9.4
Fighting       | 4 5 6 7 |  7.5
Armour         | 3 4 5 7 |  7.8
Dodging        | 3 4 |  4.8
Stealth        | 1 |  1.2
Shields        | 2 |  2.9
Throwing       | |  0.3

Action                   |  1- 3 |  4- 6 |  7- 9 || total
-------------------------+-------+-------+-------++-------
Melee: Mace              |    53 |       |       ||    53
       Headbutt          |    16 |     8 |    20 ||    44
       Flail             |    35 |    81 |   117 ||   233
Throw: Stone             |       |     2 |       ||     2
Invok: Berserk           |     1 |     3 |     2 ||     6
       Trog's Hand       |       |       |     2 ||     2
  Use: Scroll            |     6 |     8 |     2 ||    16
       Potion            |       |       |     1 ||     1
Armor: Leather armour    |    23 |    31 |       ||    54
       Animal skin       |     1 |       |       ||     1
       Scale mail        |       |     6 |    40 ||    46
Dodge: Dodged            |    53 |    69 |    49 ||   171
Block: Kite shield       |       |     1 |    40 ||    41
